 Dungeon Crawl Stone Soup version 0.30-a0-354-g6b83867211 (webtiles) character file.

Game seed: 536597396339745790

509 mopl the Covered (level 6, -4/55 HPs)
             Began as an Armataur Fighter on Nov 7, 2022.
             Slain by a hornet (8 damage)
             ... on level 4 of the Dungeon.
             The game lasted 00:03:49 (2828 turns).

mopl the Covered (Armataur Fighter)                 Turns: 2828, Time: 00:03:49

Health: -4/55      AC:  7    Str: 21    XL:     6   Next: 98%
Magic:  6/6        EV:  8    Int:  9    God:
Gold:   228        SH:  4    Dex: 11    Spells: 5/5 levels left

rFire   . . .      SeeInvis .    a - +0 war axe
rCold   . . .      Faith    .    c - +0 buckler
rNeg    . . .      Spirit   .    b - +0 scale mail
rPois   .          Reflect  .    (no helmet)
rElec   .          Harm     .    (no cloak)
rCorr   .          Roll     +    (no gloves)
Will    .....                    (no barding)
Stlth   ..........               n - amulet of Vitality {RegenMP++ Regen++}
HPRegen 1.89/turn                (no ring)
MPRegen 0.90/turn                (no ring)

@: mighty, lethally poisoned (-4 -> -12), hasted and slowed
A: large, rugged brown scales 3, deformed body, armoured tail, roll, long
tongue, awkward tongue
a: no special abilities


You were on level 4 of the Dungeon.
You visited 1 branch of the dungeon, and saw 4 of its levels.

You collected 228 gold pieces.

Inventory:

Hand Weapons
 a - a +0 war axe (weapon)
Armour
 b - a +0 scale mail (worn)
 c - a +0 buckler (worn)
Jewellery
 n - the amulet of Vitality (around neck) {RegenMP++ Regen++}
   (You found it on level 2 of the Dungeon)

   [amulet of magic regeneration]

   It increases your rate of magic regeneration.
   Regen:     It increases your rate of health regeneration.
Scrolls
 g - a scroll of blinking {unknown}
 h - a scroll of enchant armour {unknown}
 i - 2 scrolls of teleportation {unknown}
 j - a scroll of vulnerability {unknown}
 k - 2 scrolls of immolation {unknown}
 m - a scroll of torment {unknown}
 p - a scroll of noise {unknown}
 s - a scroll of brand weapon {unknown}
 v - a scroll of identify
Potions
 d - a potion of might
 e - 3 potions of ambrosia
 f - 3 potions of haste
 l - 2 potions of heal wounds
 o - a potion of magic
 q - 3 potions of mutation {!q}
 r - 2 potions of curing {unknown}
 t - a potion of resistance {unknown}
 u - a potion of brilliance {unknown}


   Skills:
 + Level 4.0 Fighting
 * Level 4.1 Axes
 + Level 5.3 Armour
 + Level 2.1 Dodging
 - Level 3.2 Shields


You had 5 spell levels left.
You didn't know any spells.
Your spell library contained the following spells:

 Spells                   Type           Power      Damage    Failure   Level
 Summon Small Mammal      Summ           0%         N/A       78%         1
 Blink                    Tloc           0%         N/A       89%         2
 Ensorcelled Hibernation  Hex/Ice        0%         N/A       89%         2
 Momentum Strike          Conj/Tloc      0%         3d8       89%         2
 Passwall                 Tmut/Erth      0%         N/A       89%         2
 Sublimation of Blood     Necr           0%         N/A       89%         2
 Call Canine Familiar     Summ           0%         N/A       98%         3
 Lesser Beckoning         Tloc           0%         N/A       98%         3
 Summon Guardian Golem    Hex/Summ       0%         N/A       98%         3
 Swiftness                Air            0%         N/A       98%         3
 Dispel Undead            Necr           0%         3d6       100%        4
 Agony                    Necr           0%         N/A       100%        5
 Simulacrum               Ice/Necr       0%         N/A       100%        6


Dungeon Overview and Level Annotations

Branches:
Dungeon (4/15)
 Temple: D:4-7

Altars:


Innate Abilities, Weirdness & Mutations

You are completely covered in rugged brown scales. (AC +3, +7% HP)
Armour fits poorly on your strangely shaped body.
You have a long armoured tail.
You roll when moving toward enemies. (Rampage)
Your long tongue fully drains potion bottles. (2x potion effects)
Your tongue gives you trouble enunciating. (1.5x scroll delay)


Message History

You see here a quokka corpse.
Found a dagger.
You see here a +0 dagger.
A hornet comes into view.
The hornet buzzes angrily.
You hear a shout!
You barely miss the hornet.
The hornet stings you but does no damage.
An orc warrior comes into view. It is wielding a +0 war axe.
The hornet stings you!
You are poisoned.
You feel yourself slow down.
Unknown command.
You aren't carrying any items that you can evoke.
Okay, then.
Okay, then.
You slurp down every last drop of the 2 potions of might!
You feel very mighty all of a sudden.
You feel yourself speed up.
You feel very sick. The hornet barely misses you. The hornet stings you!
You feel yourself slow down.
Unknown command.
You slash the hornet! You tail-slap the hornet.
The hornet is heavily wounded.
You feel very sick. The hornet stings you!
You are more poisoned.
You feel as though you will be slow longer.
The hornet stings you!
* * * LOW HITPOINT WARNING * * *
You are lethally poisoned!
You feel as though you will be slow longer.
The hornet stings you.
* * * LOW HITPOINT WARNING * * *
You feel as though you will be slow longer.
You slurp down every last drop of the 4 inky potions!
It was a potion of haste.
You feel yourself speed up.
* * * LOW HITPOINT WARNING * * *
You feel extremely sick. The hornet stings you!
You die...

####.# #.## .>...#
#..#
.###.#############.#
.......##......)...#
.###...#..##.#.#.###
## ##### #.######
### ##.#.#.#
##.###### ##.#.##
......#.# ####@#
.#.....## #y##
#.#.#.## #.
##.##.### ..
#####.#.# ###
...##.#.# ##.##.#.#
##.#....########
##...#..........


You could see a hornet.

Vanquished Creatures
  Grinder (D:2)
  A sky beast (D:4)
  An ogre (D:4)
  Jessica (D:3)
  Terence (D:3)
  An adder (D:3)
  2 worms
  3 dart slugs
  4 ball pythons
  9 bats
  7 endoplasms
  10 goblins
  7 hobgoblins
  10 jackals (D:1)
  6 kobolds
  2 quokkas (D:4)
  A frilled lizard (D:3)
  5 rats
72 creatures vanquished.

Notes
Turn   | Place    | Note
-------+----------+-------------------------------------------
     0 | D:1      | mopl the Armataur Fighter began the quest for the Orb.
     0 | D:1      | Reached XP level 1. HP: 19/19 MP: 1/1
   126 | D:1      | Reached XP level 2. HP: 23/26 MP: 2/2
   127 | D:1      | Reached skill level 2 in Axes
   241 | D:1      | Reached skill level 4 in Armour
   284 | D:1      | Reached XP level 3. HP: 32/32 MP: 3/3
   337 | D:1      | Reached skill level 3 in Fighting
  1072 | D:2      | Found the amulet of Vitality {RegenMP++ Regen++}
  1515 | D:3      | Noticed Grinder
  1540 | D:2      | Killed Grinder
  1541 | D:2      | Reached skill level 3 in Axes
  1541 | D:2      | Reached skill level 1 in Dodging
  1541 | D:2      | Reached XP level 4. HP: 28/40 MP: 4/4
  1541 | D:2      | Reached XP level 5. HP: 34/48 MP: 5/5
  1560 | D:3      | Noticed Jessica
  1561 | D:3      | Killed Jessica
  1562 | D:3      | Reached XP level 6. HP: 54/54 MP: 6/6
  1686 | D:3      | Identified the +0 chain mail of Qaukeif {Harm rPois rF-
                  | Stlth+}
  1742 | D:3      | Noticed Terence
  1760 | D:3      | Killed Terence
  1833 | D:3      | Identified the +6 sling of Lust {elec, Fragile rElec rF++
                  | Dex+4}
  1844 | D:3      | Reached skill level 5 in Armour
  1977 | D:3      | Found a faded altar of an unknown god.
  2333 | D:4      | Noticed a sky beast
  2349 | D:4      | Killed a sky beast
  2350 | D:4      | Reached skill level 2 in Dodging
  2389 | D:4      | Got the Codex of Shadows
  2468 | D:4      | Reached skill level 4 in Fighting
  2468 | D:4      | Reached skill level 4 in Axes
  2824 | D:4      | Noticed a hornet
  2825 | D:4      | Noticed an orc warrior
  2828 | D:4      | Slain by a hornet

Illustrated notes

Levels and vault maps discovered:
D:1:      minmay_arrival_up_and_down, layout_loops_ring
D:2:      minmay_wonky_spiral, layout_basic, st_stairs_6
D:3:      layout_loops_ring, hellmonk_ecumenical_altar_arch_garden,
          serial_rivers, chequers_serial_rivers_room_b,
          chequers_serial_rivers_small_b, chequers_serial_rivers_micro_a,
          chequers_serial_rivers_room_a, chequers_serial_rivers_micro_a,
          uniq_grinder, uniq_terence, uniq_jessica
D:4:      layout_loops_ring, corexii_checkpoint_b, minmay_misc_feat_nine_boxes,
          minmay_small_thing

Skill      XL: |  1  2  3  4  5  6 |
---------------+-------------------+-----
Axes           | 2 3 4 |  4.1
Armour         | 4 5 |  5.3
Fighting       | 3 4 |  4.0
Dodging        | 1 2 |  2.1
Shields        | |  3.2

Action                   |  1- 3 |  4- 6 || total
-------------------------+-------+-------++-------
Melee: War axe           |   121 |    85 ||   206
       Tailslap          |    14 |     8 ||    22
  Use: Scroll            |     1 |     4 ||     5
       Potion            |       |     3 ||     3
 Stab: Distracted        |       |     1 ||     1
Armor: Scale mail        |    71 |    34 ||   105
Dodge: Dodged            |    51 |    30 ||    81
Block: Buckler           |    36 |     9 ||    45

Table legend: (Time is in decaauts)
 A = Elapsed time spent in this place.
 B = Non-inter-level travel time spent in this place.
 C = Inter-level travel time spent in this place.
 D = Time resting spent in this place.
 E = Time spent auto-exploring this place.
 F = Levels seen in this place.
 G = Mean time per level.
                   A        B        C        D        E       F      G
               +--------+--------+--------+--------+--------+-----+--------+
         Total |   2918 |   2749 |    169 |      0 |   2208 |   4 |  729.5 |
       Dungeon |   2918 |   2749 |    169 |      0 |   2208 |   4 |  729.5 |
               +--------+--------+--------+--------+--------+-----+--------+

Top non-repeatable levels by time:
     D:2: 930 daAuts
     D:3: 726 daAuts
     D:1: 664 daAuts
     D:4: 597 daAuts
